 Dungeon Crawl Stone Soup version 0.31-a0-187-gba352fbbf7 (webtiles) character file.

Game seed: 6168377298788173338

44 qw the Shooter (level 3, 0/18 HPs)
             Began as a Deep Elf Hunter on June 22, 2023.
             Slain by a hound (3 damage)
             ... on level 3 of the Dungeon.
             The game lasted 00:00:22 (1076 turns).

qw the Shooter (Deep Elf Hunter)                    Turns: 1076, Time: 00:00:22

Health: 0/18       AC:  4    Str: 10    XL:     3   Next: 41%
Magic:  5/5        EV:  9    Int: 13    God:
Gold:   94         SH:  0    Dex: 18    Spells: 2/2 levels left

rFire   . . .        Y - +0 shortbow
rCold   . . .        (shield currently unavailable)
rNeg    . . .        i - +0 scale mail
rPois   .            (no helmet)
rElec   .            (no cloak)
rCorr   .            j - +0 pair of gloves
SInv    .            (no boots)
Will    .....        (no amulet)
Stlth   +            (no ring)
HPRegen 0.23/turn    (no ring)
MPRegen 0.09/turn

%: no passive effects
@: no status effects
A: deformed body, frail 1
a: no special abilities


You were on level 3 of the Dungeon.
You visited 1 branch of the dungeon, and saw 3 of its levels.

You collected 94 gold pieces.


Innate Abilities, Weirdness & Mutations

Armour fits poorly on your strangely shaped body.
You are frail. (-10% HP)


   Skills:
 - Level 1.5 Fighting
 + Level 7.0 Ranged Weapons
 - Level 2.4 Dodging
 - Level 1.2 Stealth


You had 2 spell levels left.
You didn't know any spells.
Your spell library was empty.

Inventory:

Hand Weapons
 Y - a +0 shortbow (weapon)
Armour
 f - a scarf of repulsion
 i - a +0 scale mail (worn)
 j - a +0 pair of gloves (worn)
Jewellery
 b - an amulet of regeneration
Scrolls
 c - a scroll of identify
 g - a scroll of summoning {unknown}
Potions
 a - a potion of degeneration {unknown}
 d - a potion of curing {unknown}
 e - a potion of ambrosia {unknown}

Dungeon Overview and Level Annotations

Branches:
Dungeon (2/15)

Altars:


Message History

Found 4 gold pieces.
You shoot an arrow. The arrow hits the rat.
You kill the rat!
Your Ranged Weapons skill increases to level 7!
g - a scroll labelled ATEABB ZILEG You see here a rat corpse.
You now have 94 gold pieces (gained 4).
A frilled lizard comes into view.
The frilled lizard hisses angrily.
A hound comes into view.
An adder comes into view.
You shoot an arrow. The arrow misses the frilled lizard.
The adder hisses angrily.
The hound barks!
The arrow hits the hound but does no damage.
You shoot an arrow. The arrow hits the hound.
The hound is lightly wounded.
You shoot an arrow. The arrow barely misses the hound.
You shoot an arrow. The arrow completely misses the hound.
The arrow closely misses the frilled lizard.
The hound bites you.
A bat comes into view.
The hound barely misses you.
You shoot an arrow. The arrow hits the hound.
The hound is lightly wounded.
The hound bites you but does no damage.
The frilled lizard bites you but does no damage.
The hound bites you. The frilled lizard barely misses you.
You shoot an arrow. The arrow closely misses the hound.
The arrow hits the bat!
You kill the bat!
The hound barely misses you. The adder completely misses you.
The hound bites you.
The frilled lizard bites you but does no damage.
The adder bites you but does no damage.
You shoot an arrow. The arrow hits the hound!
The hound is heavily wounded.
The hound bites you but does no damage. The adder bites you.
The hound bites you. The frilled lizard bites you. The adder barely misses you.
You shoot an arrow. The arrow hits the hound.
The hound is almost dead.
The hound bites you.
You die...

##....#...##.#
#.....######.#
##....#...##.#
#.#..%.#..##.#
#..#....#.##.#
#...#....###.#
#####.....##.#
#...#....###.######
#@...#.#.......#
#Shl.#..#.......#
#....#...#.).....#
#.....#####.#######
###...# #.## .....
#..#### ......
#.....# ........
#.###.# #.## .#


You could see a hound, an adder and a frilled lizard.

Vanquished Creatures
  An adder (D:2)
  2 dart slugs (D:1)
  5 ball pythons (D:1)
  4 endoplasms (D:1)
  4 kobolds
  2 quokkas (D:1)
  3 bats
  5 frilled lizards
  3 goblins
  4 rats
33 creatures vanquished.

Notes
Turn   | Place    | Note
-------+----------+-------------------------------------------
     0 | D:1      | qw the Deep Elf Hunter began the quest for the Orb.
     0 | D:1      | Reached XP level 1. HP: 12/12 MP: 3/3
     0 | D:1      | 0 ||| qw: Version: 0.3-a-9-g12657ce
     0 | D:1      | 0 ||| qw: Game counter: 2562
     0 | D:1      | 0 ||| qw: Always use a shield: true
     0 | D:1      | 0 ||| qw: God list: Okawaru
     0 | D:1      | 0 ||| qw: Allow faded altars: false
     0 | D:1      | 0 ||| qw: Do Orc after D:15 true
     0 | D:1      | 0 ||| qw: Do second Lair branch before Depths: true
     0 | D:1      | 0 ||| qw: Lair rune preference: random
     0 | D:1      | 0 ||| qw: Plans: Normal
     0 | D:1      | 0 ||| PLANNING D:1-11
    44 | D:1      | Found a faded altar of an unknown god.
    84 | D:1      | Reached XP level 2. HP: 16/16 MP: 4/4
    88 | D:1      | Reached skill level 6 in Ranged Weapons
   607 | D:1      | Reached XP level 3. HP: 20/20 MP: 5/5
   706 | D:1      | 706 ||| UPGRADING to +0 scale mail.
   716 | D:1      | 716 ||| DROPPING +0 leather armour.
   717 | D:1      | 717 ||| UPGRADING to +0 pair of gloves.
   722 | D:1      | 722 ||| READING scroll labelled GUL MUGRURGH.
   723 | D:1      | 723 ||| READING scroll labelled UMIRAO POZALOA.
   724 | D:1      | 724 ||| READING scroll labelled RUS ZUALEST.
   725 | D:1      | 725 ||| DRINKING 2 viscous grey potions.
   725 | D:1      | Gained mutation: You do not regenerate when monsters are
                  | visible. [potion of mutation]
   726 | D:1      | 726 ||| DRINKING potion of mutation.
   726 | D:1      | Lost mutation: You do not regenerate when monsters are
                  | visible. [potion of mutation]
   726 | D:1      | Gained mutation: Armour fits poorly on your strangely
                  | shaped body. [potion of mutation]
   726 | D:1      | Gained mutation: You are frail. (-10% HP) [potion of
                  | mutation]
   727 | D:1      | 727 ||| DROPPING scroll of butterflies.
   968 | D:2      | Identified the +6 falchion of Dismay {heavy, Int+5}
  1008 | D:2      | You fall into a shaft and drop 1 floor!
  1053 | D:3      | Reached skill level 7 in Ranged Weapons
  1075 | D:3      | HP: 3/18 [frilled lizard (3)]
  1076 | D:3      | Slain by a hound

Levels and vault maps discovered:
D:1:      lightli_iron_boxes, layout_loops_ring,
          chequers_ecumenical_altar_simple, hangedman_abyss_or_decor_lesser_grid
D:2:      layout_basic
D:3:      layout_rooms, serial_shops, shop_fountains,
          hangedman_decor_diamond_cutter, uniq_robin, uniq_ijyb

Skill      XL: |  1  2  3 |
---------------+----------+-----
Ranged Weapons | 6 7 |  7.0
Fighting       | |  1.5
Dodging        | |  2.4
Stealth        | |  1.2

Action                     || total
---------------------------++-------
   Fire: Shortbow          ||    68
    Use: Scroll            ||     3
         Potion            ||     2
 Armour: Scale mail        ||     7
  Dodge: Dodged            ||    17

Table legend:
 A = Non-vault XP
 B = Vault XP
 C = Vault XP percentage of total XP
 D = Non-vault monster count
 E = Vault monster count
 F = Vault count percentage of total count
                 A         B        C        D         E       F
            +---------+---------+-------+---------+---------+-------
      Total |      64 |       0 |   0.0 |      33 |       0 |   0.0
            +---------+---------+-------+---------+---------+-------
        D:1 |      41 |       0 |   0.0 |      24 |       0 |   0.0
        D:2 |      18 |       0 |   0.0 |       5 |       0 |   0.0
        D:3 |       5 |       0 |   0.0 |       4 |       0 |   0.0
            +---------+---------+-------+---------+---------+-------
